 Dungeon Crawl Stone Soup version 0.30-a0-639-g3916f1956a (webtiles) character file.

Game seed: 2023863428074060204

235596 hikkokomori the Peltast (level 19, -12/138 (155) HPs)
             Began as a Formicid Fighter on Jan 15, 2023.
             Was a High Priest of Okawaru.
             Killed from afar by a frost giant (47 damage)
             ... with a bolt of cold
             ... on level 1 of the Depths on Jan 16, 2023.
             The game lasted 01:23:48 (35747 turns).

hikkokomori the Peltast (Formicid Fighter)         Turns: 35747, Time: 01:23:49

HP:   -12/138 (155) AC: 37    Str: 36    XL:     19   Next: 94%
MP:   27/33         EV: 20    Int: 21    God:    Okawaru [*****.]
Gold: 3295          SH: 36    Dex: 13    Spells: 28/38 levels left

rFire   + . .      SeeInvis +    Q - +7 battleaxe of Sirphuyza {pain, Fragile Str+6}
rCold   . . .      Faith    .    K - +9 tower shield "Neryud" {rPois rCorr Dex+4}
rNeg    . . .      Spirit   .    B - +8 chain mail of Ycwa {Str+3 Int+2}
rPois   +          Reflect  +    (helmet unavailable)
rElec   .          Harm     .    t - +2 cloak {Will+}
rCorr   +          Rampage  +    m - +3 pair of gloves of the Trilobite {Rampage rPois Int+9 Dex-4}
Will    ++...                    A - +2 pair of slick slippers {slick, slippery, EV+5} Stlth
                                 N - amulet "Fophusao" {Reflect rPois SH+5}
HPRegen 0.43/turn                f - ring of protection from fire
MPRegen 0.23/turn                c - +4 ring of protection

@: heroic, finesse-ful, heavily drained
A: permanent stasis, dig shafts and tunnels, antennae 3, four strong arms
}: 2/15 runes: serpentine, barnacled
a: Dig, Shaft Self, Renounce Religion, Heroism, Finesse, Duel


You were on level 1 of the Depths.
You worshipped Okawaru.
Okawaru was extremely pleased with you.
You visited 7 branches of the dungeon, and saw 32 of its levels.
You also visited: Gauntlet.

You collected 3617 gold pieces.
You spent 322 gold pieces at shops.

Inventory:

Hand Weapons
 a - a +0 heavy executioner's axe
 b - the +6 executioner's axe of the Oracle {heavy, rElec Will+}
   (You acquired it on level 14 of the Dungeon)

   rElec:     It insulates you from electricity.
   Will:      It increases your willpower.
 M - a +4 battleaxe of freezing
 Q - the +7 battleaxe of Sirphuyza (weapon) {pain, Fragile Str+6}
   (Okawaru gifted it to you on level 4 of the Lair of Beasts)

   Str:       It affects your strength (+6).
   Fragile:   It will be destroyed if unequipped.
Missiles
 h - 21 javelins (quivered)
 z - 10 throwing nets
 W - 14 silver javelins
Armour
 m - the +3 pair of gloves of the Trilobite (worn) {Rampage rPois Int+9 Dex-4}
   (Okawaru gifted it to you on level 2 of the Snake Pit)

   Int:       It affects your intelligence (+9).
   Dex:       It affects your dexterity (-4).
   rPois:     It protects you from poison.
   Rampage:   It bestows one free step when moving towards enemies.
 r - the +1 kite shield of the Dropbear {+Inv rN+ rCorr Int+3}
   (Okawaru gifted it to you on level 11 of the Dungeon)

   Int:       It affects your intelligence (+3).
   rN:        It protects you from negative energy.
   +Inv:      It lets you turn invisible.
   rCorr:     It protects you from acid and corrosion.
 t - a +2 cloak of willpower (worn)
 A - the +2 pair of slick slippers (worn) {slick, slippery, EV+5}
   (You acquired it on level 14 of the Dungeon)

   Slick:     Its wearer cannot be constricted, engulfed, netted or webbed.
   Slippery:  It slips away from damaging melee attacks, pulling the attacker
   onward.
   EV:        It affects your evasion (+5).
 B - the +8 chain mail of Ycwa (worn) {Str+3 Int+2}
   (You found it on level 4 of the Shoals)

   Str:       It affects your strength (+3).
   Int:       It affects your intelligence (+2).
 E - a +2 plate armour of cold resistance
 F - the +5 ring mail of Vophuom {rPois rN+++ Will-}
   (You found it on level 6 of the Dungeon)

   rPois:     It protects you from poison.
   rN:        It renders you almost immune to negative energy.
   Will:      It decreases your willpower.
 H - the +0 pair of boots of Buet {rPois rC++ Dex-3 SInv}
   (You found it in a Gauntlet)

   Dex:       It affects your dexterity (-3).
   rC:        It greatly protects you from cold.
   rPois:     It protects you from poison.
   SInv:      It lets you see invisible.
 K - the +9 tower shield "Neryud" (worn) {rPois rCorr Dex+4}
   (Okawaru gifted it to you on level 2 of the Shoals)

   Dex:       It affects your dexterity (+4).
   rPois:     It protects you from poison.
   rCorr:     It protects you from acid and corrosion.
 R - the +1 pair of gloves of the Past {rCorr SInv}
   (You found it on level 8 of the Dungeon)

   SInv:      It lets you see invisible.
   rCorr:     It protects you from acid and corrosion.
Jewellery
 c - a +4 ring of protection (right hand)
 e - a ring of flight
 f - a ring of protection from fire (left hand)
 i - a ring of ice
 j - a +4 ring of slaying
 o - a ring of willpower
 N - the amulet "Fophusao" (around neck) {Reflect rPois SH+5}
   (You acquired it on level 9 of the Dungeon)

   [amulet of reflection]

   It reflects blocked missile attacks.
   rPois:     It protects you from poison.
   SH:        It affects your SH (+5).
Wands
 y - a wand of light (16)
 G - a wand of iceblast (37)
 O - a wand of flame (48)
Scrolls
 k - 6 scrolls of torment
 p - 4 scrolls of poison
 q - 5 scrolls of enchant weapon
 s - 3 scrolls of magic mapping
 v - 5 scrolls of fear
 w - 7 scrolls of immolation
 x - a scroll of brand weapon
 C - 2 scrolls of silence
 J - 8 scrolls of enchant armour
 V - 3 scrolls of amnesia
 X - 4 scrolls of fog
Potions
 d - 6 potions of might
 g - 10 potions of mutation
 l - 6 potions of brilliance
 u - 6 potions of flight
 D - 2 potions of invisibility
 I - 5 potions of lignification
 L - 6 potions of cancellation
 P - 6 potions of attraction
 S - 5 potions of curing
 T - 5 potions of magic
 Y - 4 potions of heal wounds
 Z - 4 potions of resistance
Miscellaneous
 U - a lightning rod (2/4)


   Skills:
 + Level 15.2(20.2) Fighting
 + Level 15.4(20.4) Axes
 - Level 14.2(19.2) Armour
 - Level 9.3(14.3) Dodging
 + Level 17.2(22.2) Shields
 - Level 10.2 Spellcasting
 + Level 10.5 Translocations
 - Level 6.0 Transmutations
 + Level 10.2 Invocations
 - Level 7.7 Evocations


You had 28 spell levels left.
You knew the following spells:

 Your Spells              Type           Power      Damage    Failure   Level
a - Wereblood             Tmut           35%        N/A       2%          2
b - Manifold Assault      Tloc           53%        N/A       2%          4
c - Passage of Golubria   Tloc           53%        N/A       2%          4

Your spell library contained the following spells:

 Spells                   Type           Power      Damage    Failure   Level
 Beastly Appendage        Tmut           70%        N/A       1%          1
 Lesser Beckoning         Tloc           100%       N/A       1%          2
 Momentum Strike          Conj/Tloc      64%        3d9       3%          2
 Kindle Blastsparks       Fire/Tloc/Air  50%        2d14      16%         3
 Spider Form              Tmut/Pois      23%        N/A       19%         3
 Freeze                   Ice            40%        1d6       22%         1
 Shock                    Conj/Air       40%        1d5       22%         1
 Iskenderun's Mystic Bla  Conj/Tloc      32%        2d8       24%         4
 Ignite Poison            Fire/Tmut/Pois 19%        N/A       28%         3
 Scorch                   Fire           20%        2d6       32%         2
 Sublimation of Blood     Necr           10%        N/A       32%         2
 Frozen Ramparts          Ice            20%        1d4       54%         3
 Hailstorm                Conj/Ice       10%        3d5       54%         3
 Ozocubu's Armour         Ice            10%        N/A       54%         3
 Stone Arrow              Conj/Erth      20%        3d8       54%         3
 Yara's Violent Unravell  Hex/Tmut       11%        3d6       87%         5
 Airstrike                Air            5%         2d(1-17)  91%         4
 Flame Wave               Conj/Fire      10%        2d6       91%         4
 Fulminant Prism          Conj/Hex       5%         3d7       91%         4
 Freezing Cloud           Conj/Ice/Air   5%         6-21      99%         5
 Lee's Rapid Deconstruct  Erth           5%         3d6*      99%         5
 Lightning Bolt           Conj/Air       5%         1d17      99%         5
 Metabolic Englaciation   Hex/Ice        5%         N/A       99%         5
 Ozocubu's Refrigeration  Ice            5%         4d8       100%        7
 Storm Form               Tmut/Air       11%        N/A       100%        7
 Lehudib's Crystal Spear  Conj/Erth      5%         10d3      100%        8
 Blink                    Tloc           Unusable   N/A       N/A         2
 Swiftness                Air            Unusable   N/A       N/A         3
 Tukima's Dance           Hex            Unusable   N/A       N/A         3
 Animate Armour           Summ/Erth      Unusable   N/A       N/A         4
 Summon Lightning Spire   Summ/Air       Unusable   N/A       N/A         4
 Simulacrum               Ice/Necr       Unusable   N/A       N/A         6
 Summon Cactus Giant      Summ           Unusable   N/A       N/A         6
 Summon Hydra             Summ           Unusable   N/A       N/A         7

Dungeon Overview and Level Annotations

Branches:
Dungeon (15/15)            Temple (1/1) D:7            Lair (5/5) D:9
 Shoals (4/4) Lair:2        Snake (4/4) Lair:2        Slime (0/5) Lair:4
    Orc (2/2) D:10            Elf (0/3) Orc:2        Vaults (0/5) D:13
 Depths (1/4) D:15        Gauntlet (visited)

Altars:
Cheibriados
Dithmenos
Elyvilon
Fedhas
Gozag
Hepliaklqana
Okawaru
Qazlal
Sif Muna
Trog
Uskayaw
Vehumet
Wu Jian
Xom
Yredelemnul
The Shining One

Shops:
Orc:1 [   Orc:2 [?((!   Shoals:4 =   Snake:1 (

Annotations:
D:4 1 runed translucent door, wormed's ghost, amateur OpTm
Shoals:3 2 transporters, exclusion: orange crystal statue
Snake:4 2 transporters, timneilson's ghost, adept DsGl
Depths:1 Mara


Innate Abilities, Weirdness & Mutations

You cannot be hasted, slowed, berserked, paralysed or teleported.
You can dig through walls and to a lower floor.
You have a pair of large antennae on your head. (SInv)
Your four strong arms can wield two-handed weapons with a shield.


Message History

The jiangshi claws you but does no damage.
Mara says, "Bound art thou by all the snares!"
Mara gestures at you. The bolt of fire hits you!! You resist.
You closely miss the jiangshi. You block the jiangshi's attack. x2
The jiangshi completely misses you. x2
You gain the combat prowess of a mighty hero.
You block the jiangshi's attack. x2
The frost giant gestures at you while chanting.
The bolt of cold hits you.
Mara blinks!
You slice the jiangshi!!
The jiangshi is heavily damaged.
You slice the jiangshi!!
The jiangshi is severely damaged.
The vampire mage casts a spell at you. The bolt of negative energy hits you!
You feel drained.
You barely miss the jiangshi.
The jiangshi is severely damaged.
You hit the frost giant. You carve the ettin like a ham!!!
You block the jiangshi's attack. x2
The frost giant gestures at you while chanting.
The bolt of cold misses you. You block the ettin's attack. x2
You slice the ettin!!
The ettin is almost dead.
You slash the jiangshi! You slash the frost giant!
You hit the vampire mage but do no damage.
You block the jiangshi's attack. x2
The frost giant points at you and mumbles some strange words.
The bolt of cold hits you!!!
* * * LOW HITPOINT WARNING * * *
You block the ettin's attack. x2; You block the vampire mage's attack.
The vampire mage bites you.
* * * LOW HITPOINT WARNING * * *
The vampire mage draws strength from your injuries!
You slip backwards!
You can now deal lightning-fast blows.
You block the jiangshi's attack. x2
The frost giant points at you and mumbles some strange words.
The bolt of cold hits you!!!
You die...

.................
.......................
.......................
.........R............#
....C.................#
...R.{##.............#
....{{ #.............#
.... #.............#
... #.....C.@...# ..
#..†..CVV...# .
######.<.#### ##..#
#.## ###


You could see Mara, a frost giant, an ettin, a jiangshi and a vampire mage.

Vanquished Creatures
  Gastronok (D:8)
  2 krakens (Shoals:4)
  Polyphemus (Shoals:3)
  A nagaraja (Snake:2)
  Donald (Shoals:1)
  Ilsuiw (Shoals:4)
  2 minotaurs
  Nessos (D:15)
  A dire elephant (D:15)
  The ghost of Imeczu Ewoacw the Transmogrifier, a journeyman OpTm of Gozag (Orc:1)
  Snorg (D:10)
  2 jiangshi
  6 merfolk javelineers (Shoals:4)
  The ghost of Rydoor the Carver, a journeyman MfBe of Trog (D:12)
  The ghost of drewk1942 the Fighter, a journeyman GrEE of Makhleb (Lair:3)
  9 merfolk impalers
  8 vault guards (D:13)
  7 boulder beetles
  3 salamander tyrants (Snake:4)
  5 hydras
  8 anacondas
  4 centaur warriors
  8 merfolk avatars
  Erica (D:10)
  5 merfolk aquamancers
  3 two-headed ogres
  2 catoblepae
  20 naga warriors
  4 death yaks (Shoals:3)
  4 tengu warriors
  3 orc high priests
  15 naga sharpshooters
  3 satyrs
  Nergalle (Lair:1)
  Sonja (D:10)
  A deep elf knight (Orc:1)
  3 sun demons (Shoals:4)
  11 shock serpents
  A soul eater (Gauntlet)
  6 salamander mystics (Snake:4)
  15 sea snakes
  4 naga ritualists
  An obsidian statue (Lair:2)
  11 harpies
  3 lindwurms
  2 deep elf pyromancers
  9 orc sorcerers
  3 orc knights (Orc:1)
  12 ugly things
  11 cyclopes
  7 fauns
  12 mana vipers
  15 manticores
  26 salamanders
  12 merfolk sirens
  Maurice (D:9)
  8 elephants (Lair:4)
  6 water nymphs (Shoals:4)
  8 guardian serpents
  8 naga magi
  28 black mambas
  An unseen horror (D:12)
  12 cane toads
  A freezing wraith (D:12)
  A kobold demonologist (D:9)
  5 rime drakes
  9 komodo dragons
  A tengu conjurer (Depths:1)
  10 wind drakes
  6 trolls
  A queen bee (shapeshifter) (D:15)
  27 merfolk
  5 polar bears
  2 raiju (Gauntlet)
  20 blink frogs
  4 hornets
  Grinder (D:6)
  A tyrant leech (D:11)
  3 dream sheep (Shoals:3)
  16 snapping turtles
  9 slime creatures
  3 spriggans (Lair:3)
  A jumping spider (shapeshifter) (D:15)
  A shadow (D:9)
  9 water elementals
  6 wyverns
  3 wraiths
  42 yaks
  A basilisk (Lair:1)
  5 steam dragons
  6 wargs (Orc:2)
  Menkaure (D:7)
  4 vampire mosquitoes
  2 wargs (shapeshifter)
  44 nagas
  22 water moccasins
  4 acid dragons
  Duvessa (D:7)
  2 hell hounds (D:11)
  A meliai simulacrum (D:14)
  29 orc warriors
  5 sky beasts
  2 black bears (D:5)
  11 centaurs
  7 ogres
  6 wolves (Lair:2)
  3 small abominations (Gauntlet)
  A phantom (D:4)
  5 kobold brigands
  Blork the orc (D:4)
  17 bullfrogs
  4 scorpions
  2 necrophages
  Dowan (D:7)
  8 wights
  17 killer bees
  5 howler monkeys
  2 electric eels
  8 hounds
  14 jellies
  17 orc priests
  Crazy Yiuf (D:6)
  3 iguanas
  43 orc wizards
  6 hell rats
  2 lightning spires (Gauntlet)
  8 adders
  4 river rats (D:11)
  5 shadow imps
  4 white imps
  An ufetubus (D:7)
  12 worms
  A dart slug (D:4)
  76 orcs
  7 ball pythons
  2 bats
  14 endoplasms
  2 giant cockroaches (D:4)
  6 goblins
  5 hobgoblins
  6 jackals (D:11)
  A quokka (D:3)
  2 frilled lizards
  23 kobolds
  7 rats
  3 butterflies (D:6)
  6 tentacles (Shoals:4)
1069 creatures vanquished.

Vanquished Creatures (others)
  2 salamander tyrants (Snake:4)
  A salamander (Snake:4)
  A manticore (Shoals:1)
  A guardian serpent (Snake:4)
  A naga mage (Snake:3)
  A blink frog (Lair:5)
  A water elemental (Shoals:4)
  A hound (D:11)
  An orc wizard (Orc:2)
  24 fungi
  106 plants
  10 tentacles (Shoals:4)
  5 withered plants (Gauntlet)
155 creatures vanquished.

Grand Total: 1224 creatures vanquished

Notes
Turn   | Place    | Note
-------+----------+-------------------------------------------
     0 | D:1      | hikkokomori the Formicid Fighter began the quest for the
                  | Orb.
     0 | D:1      | Reached XP level 1. HP: 18/18 MP: 1/1
   189 | D:1      | Reached XP level 2. HP: 23/24 MP: 2/2
   805 | D:2      | Reached XP level 3. HP: 30/30 MP: 3/3
  1124 | D:2      | Reached XP level 4. HP: 36/37 MP: 4/4
  1501 | D:3      | Learned a level 2 spell: Wereblood
  1530 | D:3      | Reached skill level 5 in Shields
  1898 | D:4      | Noticed a wyvern
  1909 | D:4      | Killed a wyvern
  1910 | D:4      | Reached XP level 5. HP: 6/43 MP: 1/5
  1910 | D:4      | Reached XP level 6. HP: 7/50 MP: 1/6
  2078 | D:4      | Reached skill level 5 in Fighting
  2086 | D:4      | Noticed wormed's ghost (amateur OpTm)
  2088 | D:4      | Found a runed translucent door.
  2319 | D:4      | Reached XP level 7. HP: 38/56 MP: 4/7
  2402 | D:4      | Noticed Blork the orc
  2411 | D:4      | Killed Blork the orc
  2459 | D:4      | Identified the amulet of Life {Acrobat Harm}
  2674 | D:4      | Identified the +7 chain mail "Kipan" {Harm Rampage SInv
                  | Stlth-}
  2766 | D:4      | Found a hide-covered altar of Uskayaw.
  3024 | D:5      | Entered Level 5 of the Dungeon
  3115 | D:5      | Reached skill level 1 in Spellcasting
  3318 | D:5      | Reached skill level 5 in Axes
  3318 | D:5      | Reached XP level 8. HP: 64/64 MP: 9/9
  4604 | D:5      | Reached skill level 5 in Armour
  4779 | D:6      | Reached XP level 9. HP: 60/72 MP: 12/14
  5150 | D:6      | Noticed Grinder
  5166 | D:6      | Killed Grinder
  5228 | D:6      | Identified the +5 ring mail of Vophuom {rPois rN+++ Will-}
  5296 | D:6      | Found a runed translucent door.
  5297 | D:6      | Noticed Crazy Yiuf
  5924 | D:6      | Killed Crazy Yiuf
  6119 | D:7      | Reached skill level 5 in Spellcasting
  6134 | D:7      | Noticed Menkaure
  6144 | D:7      | Killed Menkaure
  6145 | D:7      | Reached XP level 10. HP: 35/80 MP: 8/17
  6379 | D:7      | HP: 3/81 [killer bee (6)]
  6390 | D:7      | HP: 4/81 [killer bee (5)]
  6391 | D:7      | HP: 1/81 [killer bee (3)]
  6788 | D:7      | Found a staircase to the Ecumenical Temple.
  6809 | Temple   | Entered the Ecumenical Temple
  6842 | Temple   | Became a worshipper of Warmaster Okawaru
  7070 | D:7      | Noticed Duvessa
  7072 | D:7      | Noticed Dowan
  7076 | D:7      | Killed Duvessa
  7085 | D:7      | Killed Dowan
  7181 | D:8      | Reached skill level 6 in Shields
  7194 | D:8      | Reached * piety under Okawaru
  7379 | D:8      | Identified the +1 pair of gloves of the Past {rCorr SInv}
  7658 | D:8      | Noticed Gastronok
  7670 | D:8      | Killed Gastronok
  7670 | D:8      | Reached ** piety under Okawaru
  7676 | D:8      | Reached skill level 7 in Shields
  8084 | D:8      | Reached XP level 11. HP: 89/89 MP: 20/20
  8241 | D:9      | Found a staircase to the Lair.
  8252 | D:9      | Reached *** piety under Okawaru
  8621 | D:9      | Reached skill level 8 in Shields
  8625 | D:9      | Noticed Maurice
  8637 | D:9      | Killed Maurice
  8689 | D:9      | Reached **** piety under Okawaru
  8810 | D:9      | Noticed a cyclops
  8820 | D:9      | Killed a cyclops
  8821 | D:9      | Reached skill level 1 in Invocations
  8932 | D:9      | Reached skill level 1 in Evocations
  8998 | D:9      | Reached skill level 10 in Fighting
  9226 | D:9      | Identified 2 scrolls of acquirement
  9226 | D:9      | Acquired the amulet "Fophusao" {Reflect rPois SH+5}
  9240 | D:9      | Acquired 507 gold pieces
  9492 | D:10     | Entered Level 10 of the Dungeon
  9492 | D:10     | Noticed Erica
  9503 | D:10     | Killed Erica
  9503 | D:10     | Reached ***** piety under Okawaru
  9511 | D:10     | Noticed Snorg
  9520 | D:10     | Killed Snorg
  9521 | D:10     | Reached XP level 12. HP: 46/97 MP: 20/22
  9528 | D:10     | Reached skill level 9 in Shields
  9748 | Lair:1   | Entered Level 1 of the Lair of Beasts
 10017 | Lair:1   | Received a gift from Okawaru
 10431 | Lair:1   | Noticed Nergalle
 10442 | Lair:1   | Killed Nergalle
 10551 | Lair:2   | Noticed a boulder beetle
 10582 | Lair:2   | Killed a boulder beetle
 10583 | Lair:2   | Reached skill level 10 in Shields
 10583 | Lair:2   | Reached skill level 5 in Invocations
 10595 | Lair:2   | Reached skill level 10 in Axes
 10597 | Lair:2   | Found a staircase to the Snake Pit.
 10616 | Lair:2   | Reached skill level 5 in Evocations
 10640 | Lair:2   | Received a gift from Okawaru
 10706 | Lair:2   | Reached XP level 13. HP: 87/106 MP: 23/23
 10976 | Lair:2   | Found a staircase to the Shoals.
 12056 | D:9      | Reached skill level 11 in Shields
 12064 | D:10     | Noticed Sonja
 12068 | D:10     | Killed Sonja
 12326 | D:10     | Found a staircase to the Orcish Mines.
 13029 | D:11     | Identified the +5 quarterstaff of Uncertain Death {elec,
                  | rN+ Int+6}
 13591 | D:11     | Identified the +1 kite shield of the Dropbear {+Inv rN+
                  | rCorr Int+3} (Okawaru gifted it to you on level 11 of the
                  | Dungeon)
 13591 | D:11     | Received a gift from Okawaru
 14214 | Orc:1    | Entered Level 1 of the Orcish Mines
 14762 | Orc:1    | Found a runed translucent gate.
 14763 | Orc:1    | Found a runed translucent gate.
 14764 | Orc:1    | Found a runed translucent gate.
 14772 | Orc:1    | Noticed a minotaur
 14775 | Orc:1    | Noticed Imeczu Ewoacw's ghost (journeyman OpTm)
 14916 | Orc:1    | Identified the +5 ring mail of Creativity {Harm rPois
                  | Int-2}
 14917 | Orc:1    | Found an iron altar of Okawaru.
 14949 | Orc:1    | Killed Imeczu Ewoacw's ghost
 14950 | Orc:1    | Reached skill level 12 in Shields
 14968 | Orc:1    | Reached XP level 14. HP: 94/115 MP: 20/24
 14988 | Orc:1    | Killed a minotaur
 15271 | Lair:3   | Found a runed translucent door.
 15272 | Lair:3   | Noticed drewk1942's ghost (journeyman GrEE)
 15281 | Lair:3   | Identified the +6 spear of Supply {freeze, Dex+3}
 15573 | Lair:3   | Identified the +4 sling "Azagy" {elec, rF+ Str+4 Int-2}
 15589 | Lair:3   | Identified the +9 short sword of Delightful Forgiveness
                  | {flame, MP+9 Dex+4}
 16014 | Lair:3   | Killed drewk1942's ghost
 16381 | Lair:4   | Reached skill level 5 in Transmutations
 16388 | Lair:4   | Received a gift from Okawaru
 16389 | Lair:4   | Reached skill level 13 in Shields
 16421 | Lair:4   | Found a gate leading to a gauntlet.
 16430 | Gauntlet | Entered a Gauntlet
 16430 | Gauntlet | Found a transporter.
 16475 | Gauntlet | Found a runed translucent door.
 16479 | Gauntlet | Found a transporter.
 16490 | Gauntlet | Found a transporter.
 16493 | Gauntlet | Found a transporter.
 16502 | Gauntlet | Found a transporter.
 16528 | Gauntlet | Found a transporter.
 16543 | Gauntlet | Found a runed translucent door.
 16544 | Gauntlet | Found a transporter.
 16545 | Gauntlet | Found a runed translucent door.
 16554 | Gauntlet | Found a transporter.
 16569 | Gauntlet | Found a transporter.
 16571 | Gauntlet | Found a transporter.
 16572 | Gauntlet | Found a transporter.
 16605 | Gauntlet | Found a transporter.
 16670 | Gauntlet | Found a transporter.
 16694 | Gauntlet | Found a transporter.
 17000 | Gauntlet | Identified the +0 pair of boots of Buet {rPois rC++ Dex-3
                  | SInv}
 17022 | Gauntlet | Noticed a minotaur
 17031 | Gauntlet | Killed a minotaur
 17345 | Lair:4   | Identified the +7 battleaxe of Sirphuyza {pain, Fragile
                  | Str+6} (Okawaru gifted it to you on level 4 of the Lair of
                  | Beasts)
 17345 | Lair:4   | Received a gift from Okawaru
 17373 | Lair:4   | Found a staircase to the Slime Pits.
 17868 | Lair:5   | Entered Level 5 of the Lair of Beasts
 17976 | Lair:5   | Reached XP level 15. HP: 111/121 MP: 26/26
 18130 | Lair:5   | Reached skill level 14 in Shields
 18848 | Lair:5   | Identified the +3 scale mail "Dipalor" {rElec rPois Str-4
                  | Dex+3} (Okawaru gifted it to you on level 5 of the Lair of
                  | Beasts)
 18848 | Lair:5   | Received a gift from Okawaru
 19150 | Orc:2    | Entered Level 2 of the Orcish Mines
 19156 | Orc:2    | Learned a level 4 spell: Manifold Assault
 19283 | Orc:2    | Found a staircase to the Elven Halls.
 19392 | Orc:2    | Reached skill level 1 in Translocations
 19397 | Orc:2    | Found Kapenwosch's Magic Scroll Shop.
 19397 | Orc:2    | Found Maussem's Armour Emporium.
 19712 | Orc:2    | Found Quosav's Distillery.
 19712 | Orc:2    | Found Kyckateb's Weapon Emporium.
 19930 | Orc:2    | Found Mubox's Weapon Shoppe.
 20053 | Orc:1    | Found Kuiduduo's Armour Shop.
 20547 | Orc:2    | Bought a scroll of silence for 133 gold pieces
 20547 | Orc:2    | Bought a scroll of poison for 56 gold pieces
 20547 | Orc:2    | Bought a scroll of identify for 28 gold pieces
 20547 | Orc:2    | Bought a scroll of enchant armour for 105 gold pieces
 20653 | D:12     | Reached skill level 15 in Shields
 20884 | D:12     | Found a runed translucent door.
 20886 | D:12     | Noticed Rydoor's ghost (journeyman MfBe)
 21483 | D:12     | Killed Rydoor's ghost
 21622 | D:13     | Found a gate to the Vaults.
 21640 | D:13     | Reached XP level 16. HP: 117/134 MP: 26/28
 21666 | D:13     | Reached skill level 15 in Fighting
 21864 | D:13     | Identified the +2 plate armour of Dogma {rElec} (Okawaru
                  | gifted it to you on level 13 of the Dungeon)
 21864 | D:13     | Received a gift from Okawaru
 22953 | D:14     | Acquired the +2 pair of slick slippers {slick, slippery,
                  | EV+5}
 22953 | D:14     | Found the +2 pair of slick slippers {slick, slippery, EV+5}
 23028 | D:14     | Reached skill level 5 in Translocations
 23118 | D:14     | Reached skill level 1 in Dodging
 23463 | D:14     | Acquired a +0 heavy executioner's axe
 23464 | D:14     | Acquired the +6 executioner's axe of the Oracle {heavy,
                  | rElec Will+}
 23480 | D:15     | Entered Level 15 of the Dungeon
 23587 | D:15     | Noticed Nessos
 23589 | D:15     | Killed Nessos
 23851 | D:15     | Reached skill level 10 in Armour
 24060 | D:15     | Found an iron altar of Okawaru.
 24141 | D:15     | Found a staircase to the Depths.
 24414 | Snake:1  | Entered Level 1 of the Snake Pit
 24995 | Snake:1  | Reached XP level 17. HP: 35/142 MP: 26/29
 25678 | Snake:1  | Found Edghudydghu's Weapon Emporium.
 26060 | Snake:2  | Identified the +3 pair of gloves of the Trilobite {Rampage
                  | rPois Int+9 Dex-4} (Okawaru gifted it to you on level 2 of
                  | the Snake Pit)
 26060 | Snake:2  | Received a gift from Okawaru
 26153 | Snake:2  | Reached skill level 5 in Dodging
 27004 | Shoals:1 | Entered Level 1 of the Shoals
 27010 | Shoals:1 | Reached skill level 15 in Axes
 27204 | Shoals:1 | Noticed Donald
 27209 | Shoals:1 | Killed Donald
 28191 | Shoals:2 | Reached ****** piety under Okawaru
 28786 | Shoals:2 | Identified the +9 tower shield "Neryud" {rPois rCorr Dex+4}
                  | (Okawaru gifted it to you on level 2 of the Shoals)
 28786 | Shoals:2 | Received a gift from Okawaru
 29190 | Shoals:3 | Found a transporter.
 29230 | Shoals:3 | Reached XP level 18. HP: 149/149 MP: 30/30
 29437 | Shoals:3 | Identified the +2 leather armour of Sorcery {*Corrode
                  | Dex+9}
 29445 | Shoals:3 | Found a transporter.
 29687 | Shoals:3 | Noticed Polyphemus
 29708 | Shoals:3 | Killed Polyphemus
 30094 | Shoals:4 | Entered Level 4 of the Shoals
 30094 | Shoals:4 | Noticed a kraken
 30102 | Shoals:4 | Killed a kraken
 30601 | Shoals:4 | Identified the +8 eveningstar "Temush" {flame, rPois Int+3}
 30610 | Shoals:4 | Noticed Ilsuiw
 30684 | Shoals:4 | Killed Ilsuiw
 31063 | Shoals:4 | Got a barnacled rune of Zot
 31299 | Shoals:4 | Identified the +8 chain mail of Ycwa {Str+3 Int+2}
 31342 | Shoals:4 | Noticed a kraken
 31350 | Shoals:4 | Killed a kraken
 31397 | Shoals:4 | Reached skill level 16 in Shields
 31406 | Shoals:4 | Identified the +6 rapier of the Philosopher {antimagic,
                  | Str+8 Dex-4}
 31622 | Shoals:4 | Found Mofen's Jewellery Shop.
 32011 | Shoals:4 | Identified the +1 hand axe "Kyor" {speed, rC+ Int+4}
 32104 | Shoals:4 | Learned a level 4 spell: Passage of Golubria
 32286 | Snake:3  | Reached XP level 19. HP: 147/155 MP: 30/32
 32298 | Snake:3  | Identified the +1 pair of boots "Voteush" {rN+ Slay+3
                  | Stlth+} (Okawaru gifted it to you on level 3 of the Snake
                  | Pit)
 32298 | Snake:3  | Received a gift from Okawaru
 32373 | Snake:3  | Reached skill level 10 in Spellcasting
 33298 | Snake:4  | Entered Level 4 of the Snake Pit
 33446 | Snake:4  | Identified the +4 short sword of the End of Times {pain,
                  | +Blink rElec rCorr Dex+4}
 33541 | Snake:4  | Found a transporter.
 33555 | Snake:4  | Found a transporter.
 33820 | Snake:4  | Reached skill level 10 in Translocations
 34383 | Snake:4  | Noticed timneilson's ghost (adept DsGl)
 34652 | Arena    | Entered the Arena
 34657 | Arena    | Reached skill level 17 in Shields
 34689 | Snake:4  | Identified the +0 war axe "Cidet" {flame, rN++ Will+ Str-3
                  | Stlth+} (Okawaru gifted it to you on level 4 of the Snake
                  | Pit)
 34689 | Snake:4  | Received a gift from Okawaru
 34695 | Snake:4  | Reached skill level 10 in Invocations
 34934 | Snake:4  | Got a serpentine rune of Zot
 35612 | Depths:1 | Entered Level 1 of the Depths
 35625 | Depths:1 | Noticed Mara
 35747 | Depths:1 | Killed from afar by a frost giant

Illustrated notes

Levels and vault maps discovered:
D:1:      dpeg_arrival_boxes_within_box, layout_loops_cross,
          minmay_split_cup_small
D:2:      layout_loops_ring, chequers_serial_rivers_micro_e,
          minmay_misc_feat_enclosed
D:3:      layout_rooms
D:4:      layout_rooms, marbit_many_paths, hellmonk_ghost_happy_afterlife,
          uniq_blork_the_orc
D:5:      layout_basic, serial_corexii_hall, corexii_hall_statues_x,
          corexii_hall_statues_x, corexii_hall_statues_l,
          corexii_hall_statues_deadend
D:6:      layout_basic, hangedman_glass_garden, hangedman_decor_opposing,
          uniq_grinder, uniq_crazy_yiuf_cottage
D:7:      layout_basic, minmay_temple_entry_statues_pillars, uniq_duvessa,
          uniq_menkaure
D:8:      layout_basic, uniq_gastronok
D:9:      minmay_opposing_rooms, layout_long_grid, lair_entry_dummy,
          abandoned_shop, hangedman_misty_isle, uniq_maurice
D:10:     layout_rooms, minmay_orc_entry_temple_small, uniq_erica, uniq_snorg,
          uniq_sonja
D:11:     layout_basic, hangedman_parallel_progression
D:12:     layout_roguey, ebering_ghost_inner_flame
D:13:     layout_basic, erik_vaults_2, nicolae_figureground_pulse
D:14:     layout_rooms, hangedman_decor_growths
D:15:     hangedman_depths_entry_try_elsewhere_first, layout_gridville,
          okawaru_ov_weapons_minmay, uniq_nessos
Temple:   grunt_wide_crystal_templ
Lair:1:   layout_hall_layers, lemuel_fruit_fields, uniq_nergalle
Lair:2:   statuecave_lemuel, layout_small_grid, minmay_shoals_entry_beasts,
          minmay_snake_entry_six_corridors
Lair:3:   layout_chaotic_city, ebering_ghost_funeral_grove, grunt_megastairs_4,
          serial_bayou_shore_b
Lair:4:   layout_misc_corridors, nicolae_slime_entry_field_trip,
          gauntlet_entry_generic, grunt_megastairs_2, serial_bayou_shore_a
Lair:5:   gammafunk_lair_ancient_temple, layout_regular_city, minivault_25,
          dreamdust_mushroom_princess, infiniplex_staircase_pool_2
Shoals:1: layout_shoals, uniq_donald
Shoals:2: cheibrodos_shoals_satyrical_garden, layout_shoals
Shoals:3: gammafunk_sealed_arena, layout_shoals, uniq_polyphemus
Shoals:4: shoals_end_simple, layout_shoals, shoal_ilsuiw, serial_shops,
          nicolae_shop_stone, nicolae_shoals_sun_and_surf
Snake:1:  layout_onion, serial_shops, nicolae_take_the_stairs, drop_trap
Snake:2:  layout_grid_shapes
Snake:3:  layout_cave_town, grunt_megastairs_3
Snake:4:  grunt_snake_rune_pools, layout_grid_maze,
          gammafunk_ghost_berserking_beasts, hangedman_snake_pattern
Orc:1:    layout_caves, gammafunk_ghost_fury_of_okawaru, serial_shops, shop
Orc:2:    st_orc_town, layout_caves, serial_shops, nicolae_lakefront_shop
Depths:1: constructs_gauntlet_mu_hangedman, layout_cave_shapes, hell_entry,
          abyss_entry, nicolae_gozag_seed_capital, vehumet_crystals, uniq_mara

Skill      XL: |  1  2  3  4  5  6  7  8  9 10 11 12 13 14 15 16 17 18 19 |
---------------+----------------------------------------------------------+-----
Fighting       | 4 5 6 7 8 9 10 11 12 13 14 15 | 15.2
Shields        | 5 7 8 10 12 13 15 16 17 | 17.2
Axes           | 3 4 5 6 7 8 9 10 11 12 13 14 15 | 15.4
Transmutations | 2 3 6 |  6.0
Spellcasting   | 1 3 5 6 7 8 9 10 | 10.2
Armour         | 5 6 7 9 10 12 13 14 | 14.2
Invocations    | 3 5 8 10 | 10.2
Evocations     | 2 5 7 |  7.7
Translocations | 3 6 8 9 10 | 10.5
Dodging        | 4 6 8 9 |  9.3

Action                   |  1- 3 |  4- 6 |  7- 9 | 10-12 | 13-15 | 16-18 | 19-21 || total
-------------------------+-------+-------+-------+-------+-------+-------+-------++-------
Melee: War axe           |    65 |    73 |   300 |    59 |       |       |       ||   497
       Battleaxe         |       |       |       |   400 |   848 |  1083 |   324 ||  2655
Throw: Javelin           |       |       |     3 |     1 |     1 |       |       ||     5
 Cast: Wereblood         |       |       |       |       |     2 |     8 |     3 ||    13
       Manifold Assault  |       |       |       |       |       |    16 |     1 ||    17
Invok: Heroism           |       |       |       |     7 |    16 |    18 |     8 ||    49
       Finesse           |       |       |       |       |     2 |     1 |     2 ||     5
       Duel              |       |       |       |       |       |       |     1 ||     1
 Abil: Dig               |       |       |       |       |     4 |     3 |       ||     7
Evoke: Wand              |       |       |       |     3 |    13 |    19 |       ||    35
       Lightning rod     |       |       |       |       |       |     2 |     8 ||    10
  Use: Potion            |       |     1 |       |     5 |     4 |     2 |     5 ||    17
       Scroll            |       |       |    11 |     9 |     8 |     4 |       ||    32
 Stab: Invisible         |       |       |       |     3 |     1 |       |    13 ||    17
       Petrified         |       |       |       |       |    10 |     5 |       ||    15
       Petrifying        |       |       |       |       |     2 |       |       ||     2
Armor: Scale mail        |    26 |    36 |     8 |       |       |       |       ||    70
       Chain mail        |       |       |   217 |   276 |   333 |   317 |    80 ||  1223
Dodge: Dodged            |    27 |    34 |   118 |   174 |   159 |   330 |    86 ||   928
Block: Buckler           |    17 |    13 |    71 |   186 |   131 |       |       ||   418
       Kite shield       |       |       |       |       |   510 |   519 |       ||  1029
       Reflection        |       |       |       |       |    27 |    94 |    78 ||   199
       Tower shield      |       |       |       |       |       |   676 |   524 ||  1200

Table legend: (Time is in decaauts)
 A = Elapsed time spent in this place.
 B = Non-inter-level travel time spent in this place.
 C = Inter-level travel time spent in this place.
 D = Time resting spent in this place.
 E = Time spent auto-exploring this place.
 F = Levels seen in this place.
 G = Mean time per level.
                   A        B        C        D        E       F      G
               +--------+--------+--------+--------+--------+-----+--------+
         Total |  36311 |  33774 |   2537 |   3821 |  22132 |  34 | 1068.0 |
       Dungeon |  16527 |  15028 |   1499 |   1244 |  10741 |  15 | 1101.8 |
        Temple |     41 |     33 |      8 |      0 |     13 |   1 |   41.0 |
          Lair |   5848 |   5439 |    409 |    656 |   3676 |   5 | 1169.6 |
        Shoals |   5474 |   5255 |    219 |    568 |   3276 |   4 | 1368.5 |
     Snake Pit |   5546 |   5290 |    256 |    963 |   3168 |   4 | 1386.5 |
  Orcish Mines |   2067 |   1924 |    143 |    274 |   1074 |   2 | 1033.5 |
        Depths |     33 |     33 |      0 |      0 |      0 |   1 |   33.0 |
      Gauntlet |    750 |    750 |      0 |    116 |    183 |   1 |  750.0 |
         Arena |     22 |     22 |      0 |      0 |      0 |   1 |   22.0 |
               +--------+--------+--------+--------+--------+-----+--------+

Top non-repeatable levels by time:
  Lair:2: 1821 daAuts
Shoals:4: 1810 daAuts
     D:5: 1731 daAuts
 Snake:4: 1689 daAuts
     D:9: 1548 daAuts
Shoals:3: 1426 daAuts
 Snake:3: 1375 daAuts
Shoals:1: 1367 daAuts
     D:6: 1362 daAuts
 Snake:1: 1355 daAuts
    D:13: 1346 daAuts
    D:11: 1305 daAuts
     D:8: 1293 daAuts
     D:4: 1223 daAuts
  Lair:3: 1221 daAuts
